SAA
IRVING BLUE SOX @ DURHAM RAPIERS
05/07/2021
 
TOP OF THE 1ST
Irving Blue Sox batting - Pitching for Durham Rapiers : LHP David Cole
Pitching: LHP David Cole
Batting: RHB Gilberto Díaz 0-0: Fly out, F7 (Flyball, 7D)
Batting: RHB Robbie Young 0-0: Ball
1-0: SINGLE (Groundball, 34D)
Batting: RHB Dennis Newell 0-0: Ball
1-0: Foul Ball, location: 2F
1-1: Ball
2-1: Swinging Strike
Single, Error in OF, E8, batter to second base
Robbie Young to third
Batting: RHB Will Hunter 0-0: Ball
1-0: Ball
2-0: Called Strike
2-1: Fly out, F7 (Flyball, 78M)
Runner from 3rd tags up, SCORES, no throw
Batting: RHB Alfredo Chávez 0-0: Ball
1-0: Ground out 6-3 (Groundball, 6)
Top of the 1st over - 1 run(s), 2 hit(s), 1 error(s), 1 left on base; Irving 1 - Durham 0
BOTTOM OF THE 1ST
Durham Rapiers batting - Pitching for Irving Blue Sox : RHP Pat Brown
Pitching: RHP Pat Brown
Batting: LHB Evan Nelson 0-0: Ground out 5-3 (Groundball, 15S)
Batting: RHB Allen George 0-0: Called Strike
0-1: Fly out, F8 (Flyball, 8LM)
Batting: RHB Tim Love 0-0: Ball
1-0: Foul Ball, location: 2F
1-1: SINGLE (Flyball, 8RS)
Batting: RHB Ignacio Rodríguez 0-0: Ball
1-0: Foul Ball, location: 2F
1-1: Fly out, F7 (Flyball, 7M)
Bottom of the 1st over - 0 run(s), 1 hit(s), 0 error(s), 1 left on base; Irving 1 - Durham 0
TOP OF THE 2ND
Irving Blue Sox batting - Pitching for Durham Rapiers : LHP David Cole
Batting: LHB Kyle James 0-0: Swinging Strike
0-1: Ball
1-1: Fly out, F6 (Popup, 6S)
Batting: RHB Pat Lugo 0-0: Swinging Strike
0-1: Ball
1-1: Foul Ball, location: 2F
1-2: Ball
2-2: Foul Ball, location: 2F
2-2: Ball
3-2: Base on Balls
Batting: RHB Stan Barnes 0-0: Called Strike
0-1: Called Strike
0-2: Strikes out looking
Batting: SHB Jim Unknown 0-0: Ground out 4-3 (Groundball, 4)
Top of the 2nd over - 0 run(s), 0 hit(s), 0 error(s), 1 left on base; Irving 1 - Durham 0
BOTTOM OF THE 2ND
Durham Rapiers batting - Pitching for Irving Blue Sox : RHP Pat Brown
Batting: SHB Dan Godwin 0-0: Swinging Strike
0-1: Ball
1-1: Foul Ball, location: 2F
1-2: Fly out, F7 (Popup, 7S)
Batting: RHB Caleb Lee 0-0: Ball
1-0: Called Strike
1-1: Ball
2-1: Ball
3-1: Ground out 1-3 (Groundball, 13S)
Batting: RHB Kevin Sanderson 0-0: Ball
1-0: Foul Ball, location: 2F
1-1: SINGLE (Groundball, 34D)
Batting: RHB Esteban Garza 0-0: Ball
1-0: Foul Ball, location: 2F
1-1: Called Strike
Kevin Sanderson steals 2nd base
1-2: Ground out 1-3 (Groundball, 13S)
Bottom of the 2nd over - 0 run(s), 1 hit(s), 0 error(s), 1 left on base; Irving 1 - Durham 0
TOP OF THE 3RD
Irving Blue Sox batting - Pitching for Durham Rapiers : LHP David Cole
Batting: RHB Gilberto Díaz 0-0: Ground out 4-3 (Groundball, 4)
Batting: RHB Robbie Young 0-0: Fly out, F8 (Line Drive, 8RD)
Batting: RHB Dennis Newell 0-0: Foul Ball, location: 2F
0-1: Ball
1-1: Swinging Strike
1-2: Ball
2-2: Ball
3-2: Foul Ball, location: 2F
3-2: Base on Balls
Batting: RHB Will Hunter 0-0: Called Strike
0-1: Swinging Strike
0-2: Ball
1-2: Foul Ball, location: 2F
1-2: Strikes out swinging
Top of the 3rd over - 0 run(s), 0 hit(s), 0 error(s), 1 left on base; Irving 1 - Durham 0
BOTTOM OF THE 3RD
Durham Rapiers batting - Pitching for Irving Blue Sox : RHP Pat Brown
Batting: LHB Adrián Franco 0-0: Called Strike
0-1: DOUBLE (Flyball, 89XD)
Batting: LHB Evan Nelson 0-0: Called Strike
0-1: Swinging Strike
0-2: Foul Ball, location: 2F
0-2: Ball
1-2: Ground out 4-3 (Groundball, 4M)
Adrián Franco to third
Batting: RHB Allen George 0-0: Ball
1-0: Swinging Strike
1-1: Fly out, F8 (Flyball, 8LM)
Batting: RHB Tim Love 0-0: SINGLE (Groundball, 6MD)
Adrián Franco scores
Batting: RHB Ignacio Rodríguez 0-0: Ball
1-0: Ball
2-0: Foul Ball, location: 2F
2-1: Ball
3-1: Foul Ball, location: 2F
3-2: Foul Ball, location: 2F
3-2: Strikes out swinging
Bottom of the 3rd over - 1 run(s), 2 hit(s), 0 error(s), 1 left on base; Irving 1 - Durham 1
TOP OF THE 4TH
Irving Blue Sox batting - Pitching for Durham Rapiers : LHP David Cole
Batting: RHB Alfredo Chávez 0-0: Swinging Strike
0-1: SINGLE (Groundball, 56D)
Batting: LHB Kyle James 0-0: Foul Ball, location: 2F
0-1: Called Strike
0-2: Ball
1-2: Ball
2-2: Fielders Choice at 2nd, 3-6 (Groundball, 3)
Batting: RHB Pat Lugo 0-0: Called Strike
0-1: Ball
1-1: Ball
2-1: Ball
3-1: Foul Ball, location: 2F
3-2: Foul Ball, location: 2F
3-2: Base on Balls
Kyle James to second
Batting: RHB Stan Barnes 0-0: Ball
1-0: Ball
2-0: Ball
3-0: Base on Balls
Kyle James to third
Pat Lugo to second
Batting: SHB Jim Unknown 0-0: Ball
1-0: Ball
2-0: DOUBLE (Groundball, 3D)
Kyle James scores
Pat Lugo scores
Stan Barnes to third
Batting: RHB Gilberto Díaz 0-0: Ball
1-0: Ball
2-0: Foul Ball, location: 2F
2-1: Ball
3-1: Base on Balls
Batting: RHB Robbie Young 0-0: Swinging Strike
0-1: Ball
1-1: Ball
2-1: Ball
3-1: Base on Balls
Stan Barnes scores
Jim Unknown to third
Gilberto Díaz to second
Batting: RHB Dennis Newell 0-0: SINGLE (Line Drive, 8LS)
Jim Unknown scores
Gilberto Díaz to third
Robbie Young to second
Runner from 3rd tries for Home, SAFE, no throw or cutoff
Pitching: LHP R.J. Case
Batting: RHB Will Hunter 0-0: Called Strike
0-1: Ball
1-1: Ball
2-1: Called Strike
2-2: Grounds into double play, 5-4-3 (Groundball, 5)
Top of the 4th over - 5 run(s), 3 hit(s), 0 error(s), 1 left on base; Irving 6 - Durham 1
BOTTOM OF THE 4TH
Durham Rapiers batting - Pitching for Irving Blue Sox : RHP Pat Brown
Batting: SHB Dan Godwin 0-0: Called Strike
0-1: Called Strike
0-2: Strikes out looking
Batting: RHB Caleb Lee 0-0: Ball
1-0: Called Strike
1-1: SINGLE (Flyball, 9S)
Batting: RHB Kevin Sanderson 0-0: Foul Ball, location: 2F
0-1: Called Strike
0-2: Ball
Wild Pitch!
Caleb Lee to second
1-2: Ball
2-2: Fly out, F8 (Flyball, 8LM)
Batting: RHB Esteban Garza 0-0: Ball
1-0: Foul Ball, location: 2F
1-1: Fly out, F7 (Flyball, 78M)
Bottom of the 4th over - 0 run(s), 1 hit(s), 0 error(s), 1 left on base; Irving 6 - Durham 1
TOP OF THE 5TH
Irving Blue Sox batting - Pitching for Durham Rapiers : LHP R.J. Case
Batting: RHB Alfredo Chávez 0-0: Ball
1-0: Swinging Strike
1-1: Ground out 2-3 (Groundball, 25)
Batting: LHB Kyle James 0-0: Called Strike
Reached via error on a dropped throw, E1
Batting: RHB Pat Lugo 0-0: Foul Ball, location: 2F
0-1: Ball
1-1: Foul Ball, location: 2F
1-2: Ball
2-2: Foul Ball, location: 2F
2-2: Ball
3-2: SINGLE (Flyball, 4MD)
Kyle James to second
Batting: RHB Stan Barnes 0-0: Ball
1-0: Swinging Strike
1-1: Called Strike
1-2: Fly out, F3 (Popup, 3SF)
Batting: SHB Jim Unknown 0-0: Called Strike
0-1: Swinging Strike
0-2: Strikes out looking
Top of the 5th over - 0 run(s), 1 hit(s), 1 error(s), 2 left on base; Irving 6 - Durham 1
BOTTOM OF THE 5TH
Durham Rapiers batting - Pitching for Irving Blue Sox : RHP Pat Brown
Batting: LHB Adrián Franco 0-0: SINGLE (Line Drive, 4MD)
Batting: LHB Evan Nelson 0-0: Swinging Strike
0-1: Ball
1-1: Swinging Strike
1-2: Ball
2-2: Ball
3-2: Foul Ball, location: 2F
3-2: Foul Ball, location: 2F
3-2: Strikes out swinging
Batting: RHB Allen George 0-0: Called Strike
0-1: Foul Ball, location: 2F
0-2: Ball
1-2: Ball
2-2: Ball
3-2: Foul Ball, location: 2F
3-2: Foul Ball, location: 2F
3-2: 2-RUN HOME RUN (Flyball, 78XD), Distance : 419 ft
Batting: RHB Tim Love 0-0: Called Strike
0-1: Fly out, F6 (Popup, 6D)
Batting: RHB Ignacio Rodríguez 0-0: Foul Ball, location: 2F
0-1: Ball
1-1: Swinging Strike
1-2: Fly out, F9 (Popup, 9S)
Bottom of the 5th over - 2 run(s), 2 hit(s), 0 error(s), 0 left on base; Irving 6 - Durham 3
TOP OF THE 6TH
Irving Blue Sox batting - Pitching for Durham Rapiers : LHP R.J. Case
Batting: RHB Gilberto Díaz 0-0: Called Strike
0-1: Foul Ball, location: 2F
0-2: Ground out 6-3 (Groundball, 6)
Batting: RHB Robbie Young 0-0: Called Strike
0-1: Fly out, F3 (Popup, 3F)
Batting: RHB Dennis Newell 0-0: Called Strike
0-1: Foul Ball, location: 2F
0-2: Ball
1-2: Ball
2-2: Foul Ball, location: 2F
2-2: SINGLE (Line Drive, 34D)
Batting: RHB Will Hunter 0-0: Called Strike
0-1: Ground out 5-3 (Groundball, 5L)
Top of the 6th over - 0 run(s), 1 hit(s), 0 error(s), 1 left on base; Irving 6 - Durham 3
BOTTOM OF THE 6TH
Durham Rapiers batting - Pitching for Irving Blue Sox : RHP Pat Brown
Batting: SHB Dan Godwin 0-0: Ball
1-0: Fly out, F8 (Popup, 8RS)
Batting: RHB Caleb Lee 0-0: Ball
1-0: Foul Ball, location: 2F
1-1: Ball
2-1: Ground out 6-3 (Groundball, 6M)
Batting: RHB Kevin Sanderson 0-0: Ball
1-0: Ball
2-0: Ball
3-0: Called Strike
3-1: SINGLE (Groundball, 56D)
Pitching: LHP John Hamilton
Batting: RHB Esteban Garza 0-0: Ball
1-0: Called Strike
1-1: Swinging Strike
1-2: Strikes out swinging
Bottom of the 6th over - 0 run(s), 1 hit(s), 0 error(s), 1 left on base; Irving 6 - Durham 3
TOP OF THE 7TH
Irving Blue Sox batting - Pitching for Durham Rapiers : LHP R.J. Case
Batting: RHB Alfredo Chávez 0-0: Called Strike
0-1: Swinging Strike
0-2: Ground out U3 (Groundball, 3)
Batting: LHB Kyle James 0-0: Ball
1-0: Called Strike
1-1: Ball
2-1: Foul Ball, location: 2F
2-2: Fly out, F4 (Line Drive, 4)
Batting: RHB Pat Lugo 0-0: Called Strike
0-1: Called Strike
0-2: Strikes out swinging
Top of the 7th over - 0 run(s), 0 hit(s), 0 error(s), 0 left on base; Irving 6 - Durham 3
BOTTOM OF THE 7TH
Durham Rapiers batting - Pitching for Irving Blue Sox : LHP John Hamilton
Batting: LHB Adrián Franco 0-0: Ball
1-0: Ball
2-0: Foul Ball, location: 2F
2-1: Ball
3-1: Reached on Error, E4 (Line Drive, 4)
Batting: LHB Evan Nelson 0-0: Foul Ball, location: 2F
0-1: Ball
1-1: Called Strike
1-2: Foul Ball, location: 2F
1-2: Fielders Choice at 2nd, 1-4 (Groundball, 13)
Batting: RHB Allen George 0-0: Ball
1-0: Ball
Wild Pitch!
Evan Nelson to second
2-0: Called Strike
2-1: Ball
3-1: Foul Ball, location: 2F
3-2: Ground out 5-3 (Groundball, 56)
Batting: RHB Tim Love 0-0: Foul Ball, location: 2F
0-1: Reached on error, E5 (Groundball, 5S)
Evan Nelson to third
Batting: RHB Ignacio Rodríguez 0-0: Ball
1-0: Ball
2-0: Called Strike
2-1: Foul Ball, location: 2F
2-2: Foul Ball, location: 2F
2-2: Ball
3-2: Foul Ball, location: 2F
3-2: Foul Ball, location: 2F
3-2: SINGLE (Line Drive, 9S)
Evan Nelson scores
Tim Love to second
Tim Love to third
Batting: SHB Dan Godwin 0-0: SINGLE (Line Drive, 89M)
Tim Love scores
Ignacio Rodríguez to second
Batting: RHB Caleb Lee 0-0: Ball
1-0: Called Strike
1-1: Swinging Strike
1-2: Ball
2-2: Foul Ball, location: 2F
2-2: Ball
3-2: Base on Balls
Ignacio Rodríguez to third
Dan Godwin to second
Batting: RHB Kevin Sanderson 0-0: Called Strike
0-1: Ball
Wild Pitch!
Ignacio Rodríguez scores
Dan Godwin to third
Caleb Lee to second
1-1: Ball
2-1: Swinging Strike
2-2: Strikes out swinging
Bottom of the 7th over - 3 run(s), 2 hit(s), 2 error(s), 2 left on base; Irving 6 - Durham 6
TOP OF THE 8TH
Irving Blue Sox batting - Pitching for Durham Rapiers : LHP R.J. Case
Pinch Hitting: SHB Ron Peterson 0-0: Called Strike
0-1: Ball
1-1: Ball
2-1: Called Strike
2-2: Ball
3-2: Foul Ball, location: 2F
3-2: Foul Ball, location: 2F
3-2: Foul Ball, location: 2F
3-2: Base on Balls
Pitching: RHP Morgan MacDonald
Batting: SHB Jim Unknown 0-0: Fielders Choice at 2nd, 4-6 (Groundball, 4)
Batting: RHB Gilberto Díaz 0-0: Ball
Jim Unknown steals 2nd base
1-0: Ball
2-0: SINGLE (Line Drive, 8RS)
Jim Unknown to third
Pinch Hitting: SHB Curt Finley 0-0: Called Strike
0-1: Ball
1-1: Ball
2-1: Ball
3-1: Base on Balls
Gilberto Díaz to second
Batting: RHB Dennis Newell 0-0: Foul Ball, location: 2F
0-1: Grounds into double play, 4-6-3 (Groundball, 4)
Top of the 8th over - 0 run(s), 1 hit(s), 0 error(s), 2 left on base; Irving 6 - Durham 6
BOTTOM OF THE 8TH
Durham Rapiers batting - Pitching for Irving Blue Sox : LHP John Hamilton
Now at 2B: Curt Finley
Now in RF: Ron Peterson
Batting: RHB Esteban Garza 0-0: Ball
1-0: Swinging Strike
1-1: Called Strike
1-2: Ball
2-2: Ball
3-2: Hit by Pitch
Batting: LHB Adrián Franco 0-0: Ball
1-0: Ball
2-0: Sac Bunt - play at first, batter OUT! 5-4
Esteban Garza to second
Pinch Hitting: RHB Harrison Blackford 0-0: Ball
1-0: Foul Ball, location: 2F
1-1: Ball
2-1: Ball
3-1: Called Strike
3-2: Ground out 6-3 (Groundball, 6)
Esteban Garza to third
Pitching: RHP Chris Strickland
Pinch Hitting: LHB Mayer Röhricht 0-0: DOUBLE (Groundball, 5L)
Esteban Garza scores
Pinch Hitting: LHB Barton McCann 0-0: SINGLE (Flyball, 7S)
Mayer Röhricht to third
Runner from 3rd tries for Home, SAFE, no throw or cutoff
Batting: RHB Ignacio Rodríguez 0-0: Ball
1-0: Called Strike
Barton McCann steals 2nd base
1-1: Foul Ball, location: 2F
1-2: Ball
2-2: Foul Ball, location: 2F
2-2: Ball
Wild Pitch!
Barton McCann to third
3-2: SINGLE (Line Drive, 3D)
Barton McCann scores
Batting: SHB Dan Godwin 0-0: Ground out U3 (Groundball, 3)
Bottom of the 8th over - 3 run(s), 3 hit(s), 0 error(s), 1 left on base; Irving 6 - Durham 9
TOP OF THE 9TH
Irving Blue Sox batting - Pitching for Durham Rapiers : RHP Morgan MacDonald
Pitching: RHP Ricky Jackson
Now at 3B: Miguel Castillo
Now at SS: Harrison Blackford
Now in RF: Mayer Röhricht
Batting: RHB Will Hunter 0-0: Foul Ball, location: 2F
0-1: Ball
1-1: Fly out, F8 (Flyball, 8LM)
Batting: RHB Alfredo Chávez 0-0: Ball
1-0: Called Strike
1-1: Ball
2-1: Fly out, F8 (Flyball, 8LM)
Batting: LHB Kyle James 0-0: Ball
1-0: Called Strike
1-1: Called Strike
1-2: Strikes out looking
Top of the 9th over - 0 run(s), 0 hit(s), 0 error(s), 0 left on base; Irving 6 - Durham 9
This league is powered by Out of the Park Baseball, the baseball management simulation game for PC, Mac and Linux
Friday, January 22nd, 2016 - OOTP Baseball 16.9 Build 39